 Dungeon Crawl Stone Soup version 0.29.1-12-g30fa7ad0bf (webtiles) character file.

Game seed: 13987503374880718113

531 ThatPearl the Vexing (level 7, 0/52 HPs)
             Began as a Gnoll Arcane Marksman on Jan 3, 2023.
             Slain by a black bear (1 damage)
             ... on level 4 of the Dungeon.
             The game lasted 00:14:10 (4874 turns).

ThatPearl the Vexing (Gnoll Arcane Marksman)        Turns: 4874, Time: 00:14:11

Health: 0/52       AC:  6    Str:  9    XL:     7   Next: 24%
Magic:  11/12      EV: 13    Int: 15    God:
Gold:   137        SH:  0    Dex: 12    Spells: 2/13 levels left

rFire   . . .      SeeInvis .   a - +1 sling
rCold   + + .      Faith    .   (no shield)
rNeg    . . .      Spirit   .   n - +1 robe {rC+}
rPois   +          Reflect  .   (no helmet)
rElec   .          Harm     .   w - +1 cloak
rCorr   .          Rampage  .   p - +0 pair of gloves
Will    .....                   (no boots)
Stlth   ++........              (no amulet)
HPRegen 0.17/turn               C - ring of poison resistance
MPRegen 0.13/turn               B - ring of protection from cold

@: no status effects
A: fangs 1, strong nose, distributed training
a: no special abilities


You were on level 4 of the Dungeon.
You visited 1 branch of the dungeon, and saw 5 of its levels.

You collected 165 gold pieces.
You spent 28 gold pieces at shops.

Inventory:

Hand Weapons
 a - a +1 sling (weapon)
 y - a +0 long sword
Missiles
 e - 54 stones
 o - 6 poisoned darts
Armour
 k - an orb of energy
 n - a +1 robe of cold resistance (worn)
 p - a +0 pair of gloves (worn)
 u - a +0 ring mail
 w - a +1 cloak (worn)
 x - an orb of wrath
Magical Staves
 j - a staff of poison
Jewellery
 h - a ring of fire
 s - an amulet of faith
 B - a ring of protection from cold (right hand)
 C - a ring of poison resistance (left hand)
Scrolls
 b - a scroll of poison
 d - a scroll of noise {unknown}
 g - a scroll of brand weapon {unknown}
 i - a scroll of enchant weapon {unknown}
 q - a scroll of amnesia {unknown}
 r - 3 scrolls of summoning {unknown}
 v - a scroll of identify
 z - 2 scrolls of vulnerability {unknown}
Potions
 c - a potion of flight {unknown}
 f - 3 potions of curing
 l - a potion of heal wounds
 m - 3 potions of degeneration {unknown}
 t - 2 potions of mutation {unknown}
 A - a potion of ambrosia {unknown}


   Skills:
 + Level 3.6 Fighting
 + Level 2.4 Short Blades
 + Level 2.4 Long Blades
 + Level 2.4 Axes
 + Level 2.4 Maces & Flails
 + Level 2.4 Polearms
 + Level 2.4 Staves
 + Level 5.2 Ranged Weapons
 + Level 2.4 Throwing
 + Level 2.4 Armour
 + Level 5.2 Dodging
 + Level 2.4 Stealth
 + Level 2.4 Shields
 + Level 2.4 Unarmed Combat
 + Level 3.8 Spellcasting
 + Level 2.0 Conjurations
 + Level 5.8 Hexes
 + Level 2.0 Summonings
 + Level 2.0 Necromancy
 + Level 2.0 Translocations
 + Level 2.0 Transmutations
 + Level 2.0 Fire Magic
 + Level 2.0 Ice Magic
 + Level 2.0 Air Magic
 + Level 2.0 Earth Magic
 + Level 2.0 Poison Magic
 + Level 2.7 Invocations
 + Level 2.4 Evocations


You had 2 spell levels left.
You knew the following spells:

 Your Spells              Type           Power      Damage    Failure   Level
a - Slow                  Hex            80%        N/A       1%          1
c - Cause Fear            Hex            10%        N/A       17%         4
f - Inner Flame           Hex/Fire       14%        N/A       11%         3
p - Portal Projectile     Hex/Tloc       28%        N/A       11%         3

Your spell library contained the following spells:

 Spells                   Type           Power      Damage    Failure   Level
 Magic Dart               Conj           32%        1d4       9%          1
 Searing Ray              Conj           16%        2d5       12%         2
 Conjure Flame            Conj/Fire      8%         6-21      24%         3
 Ignite Poison            Fire/Tmut/Pois 8%         N/A       24%         3
 Mephitic Cloud           Conj/Pois/Air  8%         N/A       24%         3
 Fulminant Prism          Conj/Hex       7%         3d7       36%         4
 Sticky Flame             Conj/Fire      8%         2d3       63%         4
 Freezing Cloud           Conj/Ice/Air   4%         6-21      92%         5
 Dragon Form              Tmut           4%         N/A       100%        7
 Dragon's Call            Summ           4%         N/A       100%        9


Dungeon Overview and Level Annotations

Branches:
Dungeon (5/15)
 Temple: D:4-7

Altars:
Cheibriados
Gozag
Qazlal
Trog
Yredelemnul

Shops:
D:3 ?


Innate Abilities, Weirdness & Mutations

You have very sharp teeth.
Your uncanny sense of smell can sniff out nearby items.
Your experience applies equally to all skills.


Message History

The centaur shoots an arrow.
The arrow misses you.
An iguana comes into view.
The black bear growls angrily.
The centaur shoots an arrow.
The arrow closely misses you.
The black bear attacks as you move away!
The black bear bites you. The black bear barely misses you.
The black bear closely misses you.
The centaur shoots an arrow.
The arrow hits you!
The centaur shoots an arrow.
The arrow hits you.
The centaur shoots an arrow.
The arrow hits you!
The centaur shoots an arrow.
The arrow hits you.
* * * LOW HITPOINT WARNING * * *
The centaur shoots an arrow.
The arrow hits you.
* * * LOW HITPOINT WARNING * * *
The centaur shoots an arrow.
The arrow misses you.
There is a stone staircase leading up here.
The black bear bites you.
* * * LOW HITPOINT WARNING * * *
The black bear claws you.
* * * LOW HITPOINT WARNING * * *
The black bear closely misses you.
You climb upwards.
There is a stone staircase leading down here.
Fire: a) +1 sling
Press: ? - help, Q - select action, (/) - cycle Shift-Dir - straight line, f - black bear
Aim: a black bear (67% to hit)
You shoot a sling bullet.
The sling bullet hits the black bear but does no damage.
The black bear closely misses you. The black bear barely misses you.
The black bear claws you.
* * * LOW HITPOINT WARNING * * *
Aiming: Slow (safe; 1% risk of failure)
Press: ? - help, Q - select action, (/) - cycle Shift-Dir - straight line, f/p - black bear
Aim: a black bear (chance to affect: 60%)
The black bear seems to slow down.
The black bear bites you.
* * * LOW HITPOINT WARNING * * *
The black bear claws you.
* * * LOW HITPOINT WARNING * * *
The black bear claws you.
You die...

##.##.# #.#
#....###.########
#...............#
###.#####..#..##..#
....# ###'###.##..#
#...###.....####..#
...##.........##..#
.[.#..⌠.....⌠..#h.#
#..#.....8.....#@##
#..##._.###._.##.#
######### ######.#
#.# #.# #.###.#
#########.....#
#.......<.#####
####.#########
.....#


You could see a black bear (slow).

Vanquished Creatures
  A water moccasin (D:5)
  An ogre (D:4)
  2 hounds
  An orc priest (D:5)
  An iguana (D:4)
  Natasha (thrice) (D:2)
  A howler monkey zombie (D:4)
  5 adders
  An adder zombie (D:4)
  A worm (D:3)
  2 dart slugs
  15 orcs
  13 endoplasms
  3 giant cockroaches
  6 goblins
  2 hobgoblins
  4 kobolds
  5 quokkas
  3 ball pythons
  5 bats
  2 frilled lizards (D:2)
  3 rats
80 creatures vanquished.

Notes
Turn   | Place    | Note
-------+----------+-------------------------------------------
     0 | D:1      | ThatPearl the Gnoll Arcane Marksman began the quest for the
                  | Orb.
     0 | D:1      | Reached XP level 1. HP: 17/17 MP: 4/4
   207 | D:1      | Reached XP level 2. HP: 23/23 MP: 5/5
  1016 | D:2      | Reached XP level 3. HP: 28/28 MP: 7/7
  1166 | D:2      | Reached skill level 1 in Invocations
  1233 | D:2      | Noticed Natasha
  1239 | D:2      | Killed Natasha
  1240 | D:2      | Reached skill level 1 in Short Blades
  1240 | D:2      | Reached skill level 1 in Long Blades
  1240 | D:2      | Reached skill level 1 in Axes
  1240 | D:2      | Reached skill level 1 in Maces & Flails
  1240 | D:2      | Reached skill level 1 in Polearms
  1240 | D:2      | Reached skill level 1 in Staves
  1240 | D:2      | Reached skill level 1 in Throwing
  1240 | D:2      | Reached skill level 1 in Armour
  1240 | D:2      | Reached skill level 1 in Stealth
  1240 | D:2      | Reached skill level 1 in Shields
  1240 | D:2      | Reached skill level 1 in Unarmed Combat
  1240 | D:2      | Reached skill level 1 in Evocations
  1240 | D:2      | Reached XP level 4. HP: 34/34 MP: 8/8
  1311 | D:2      | Learned a level 3 spell: Portal Projectile
  1312 | D:2      | Noticed Natasha
  1327 | D:2      | Killed Natasha
  1328 | D:2      | Reached skill level 1 in Conjurations
  1328 | D:2      | Reached skill level 1 in Summonings
  1328 | D:2      | Reached skill level 1 in Necromancy
  1328 | D:2      | Reached skill level 1 in Translocations
  1328 | D:2      | Reached skill level 1 in Transmutations
  1328 | D:2      | Reached skill level 1 in Fire Magic
  1328 | D:2      | Reached skill level 1 in Ice Magic
  1328 | D:2      | Reached skill level 1 in Air Magic
  1328 | D:2      | Reached skill level 1 in Earth Magic
  1328 | D:2      | Reached skill level 1 in Poison Magic
  1465 | D:2      | Noticed Natasha
  1473 | D:2      | Killed Natasha
  1587 | D:2      | Reached XP level 5. HP: 40/40 MP: 9/9
  2181 | D:3      | Found Nohiwn's Magic Scroll Shop.
  2193 | D:3      | Bought a scroll of identify for 28 gold pieces
  2225 | D:3      | Found a bloodstained altar of Trog.
  3086 | D:4      | Learned a level 3 spell: Inner Flame
  3260 | D:4      | Noticed an ogre
  3307 | D:4      | Killed an ogre
  3308 | D:4      | Reached skill level 5 in Ranged Weapons
  3308 | D:4      | Reached skill level 5 in Dodging
  3308 | D:4      | Reached XP level 6. HP: 31/47 MP: 7/11
  3465 | D:4      | Found a stormy altar of Qazlal.
  3597 | D:4      | Found a basalt altar of Yredelemnul.
  3965 | D:4      | Found a snail-covered altar of Cheibriados.
  3965 | D:4      | Found an opulent altar of Gozag.
  4105 | D:5      | Entered Level 5 of the Dungeon
  4282 | D:5      | Noticed a black bear
  4432 | D:5      | Noticed a water moccasin
  4508 | D:5      | Killed a water moccasin
  4509 | D:5      | Reached XP level 7. HP: 9/52 MP: 12/12
  4810 | D:5      | Learned a level 4 spell: Cause Fear
  4874 | D:4      | HP: 2/52 [black bear (3)]
  4874 | D:4      | Slain by a black bear

Illustrated notes

Levels and vault maps discovered:
D:1:      mushboom_english_gardens, layout_loops_ring
D:2:      layout_basic, serial_glass, glass_columns_a, glass_columns_a,
          uniq_natasha
D:3:      layout_loops_ring, lemuel_doored_altar, serial_shops, shop,
          minmay_misc_feat_room
D:4:      layout_loops_cross, grunt_qazlal_clouds,
          lemuel_zombie_altar_yredelemnul, gammafunk_temple_overflow_pools,
          hangedman_decor_points, grunt_decor_cap
D:5:      layout_rooms, nicolae_overflow_hidden_temple, serial_shops,
          nicolae_shop_crystal

Skill      XL: |  1  2  3  4  5  6 |
---------------+-------------------+-----
Invocations    | 1 2 |  2.7
Short Blades   | 1 2 |  2.4
Long Blades    | 1 2 |  2.4
Axes           | 1 2 |  2.4
Maces & Flails | 1 2 |  2.4
Polearms       | 1 2 |  2.4
Staves         | 1 2 |  2.4
Throwing       | 1 2 |  2.4
Armour         | 1 2 |  2.4
Stealth        | 1 2 |  2.4
Shields        | 1 2 |  2.4
Unarmed Combat | 1 2 |  2.4
Evocations     | 1 2 |  2.4
Spellcasting   | 3 |  3.8
Conjurations   | 1 2 |  2.0
Summonings     | 1 2 |  2.0
Necromancy     | 1 2 |  2.0
Translocations | 1 2 |  2.0
Transmutations | 1 2 |  2.0
Fire Magic     | 1 2 |  2.0
Ice Magic      | 1 2 |  2.0
Air Magic      | 1 2 |  2.0
Earth Magic    | 1 2 |  2.0
Poison Magic   | 1 2 |  2.0
Fighting       | 3 |  3.6
Ranged Weapons | 5 |  5.2
Dodging        | 5 |  5.2
Hexes          | |  5.8

Action                   |  1- 3 |  4- 6 |  7- 9 || total
-------------------------+-------+-------+-------++-------
Melee: Long sword        |       |     5 |       ||     5
 Fire: Sling             |    82 |   266 |    13 ||   361
 Cast: Slow              |       |    13 |     1 ||    14
  Use: Scroll            |       |     2 |       ||     2
Armor: Robe              |     3 |    36 |     3 ||    42
Dodge: Dodged            |    16 |    97 |    18 ||   131
